AoeStats
← the shy

African Clearing

504985791Analyzed
4v4 RM · 26d ago on Sep 7, 2026· 37m 45s· 8 players
Game mode
Random Map
Map size
Large (8 player)
Population
200
Speed
Normal
Resources
Standard
Victory
Conquest
Starting age
Dark Age
Ending age
Imperial Age
RankedLock teamsTeams togetherTeam positionsShared explorationLock speedFull tech treeHidden civsTurbo modeCheats
Victory
Defeat
🇨🇳 Khitans · China
1492
+15
🇨🇳 Mongols · China
1442
+17
🇨🇳 Vietnamese · China
1436
+17
🇹🇷 Muisca · Türkiye
1433
+18
🇮🇹 Cumans · Italy
1557
-19
🇨🇳 Huns · China
1510
-19
🇨🇳 Wei · China
1502
-18
🇨🇳 Vietnamese · China
1314
-11
神明
4:38 Loom
12:40 Feudal Age
16:48 Castle Age
14:52 Double-Bit Axe
25:18 Fletching
30:00 Bodkin Arrow
36:14 Padded Archer Armor
39:48 Imperial Age
37:40 Leather Archer Armor
37:48 Ballistics
虎!虎!虎!
11:14 Loom
14:02 Feudal Age
19:07 Castle Age
17:38 Double-Bit Axe
18:55 Fletching
20:05 Bow Saw
20:01 Bodkin Arrow
26:47 Husbandry
28:01 Bloodlines
29:36 Horse Collar
30:41 Wheelbarrow
30:56 Ballistics
31:43 Padded Archer Armor
35:07 Heavy Plow
35:29 Gold Mining
39:49 Imperial Age
38:13 Hand Cart
郁离
5:53 Loom
12:19 Feudal Age
16:52 Forging
17:03 Scale Barding Armor
19:04 Double-Bit Axe
25:27 Castle Age
25:45 Light Cavalry
27:13 Chain Barding Armor
27:21 Domestication
32:00 Iron Casting
36:57 Husbandry
下次一定
11:18 Loom
13:39 Feudal Age
17:18 Castle Age
15:37 Double-Bit Axe
18:10 Bow Saw
18:36 Fletching
18:57 Horse Collar
22:27 Town Watch
22:47 Bodkin Arrow
26:23 Padded Archer Armor
28:32 Wheelbarrow
29:48 Ballistics
30:03 Hand Cart
29:51 Heavy Plow
31:48 Leather Archer Armor
33:57 Gold Mining
37:06 Imperial Age
34:56 Stone Mining
35:44 Gold Shaft Mining
35:38 Leather Archer Armor
35:19 Treadmill Crane
38:06 Stone Shaft Mining
37:07 Elite Guecha Warrior
37:49 Bracer
38:52 Chemistry
38:00 Thumb Ring
男高抗压位
4:24 Loom
12:47 Feudal Age
14:50 Double-Bit Axe
the shy
10:30 Loom
13:21 Feudal Age
15:36 Double-Bit Axe
16:35 Forging
18:28 Scale Barding Armor
20:27 Horse Collar
21:37 Fletching
27:21 Castle Age
26:29 Bloodlines
27:50 Wheelbarrow
库库林·白夜
12:52 Feudal Age
16:38 Castle Age
14:32 Double-Bit Axe
15:11 Loom
17:18 Fletching
17:46 Bow Saw
24:19 Wheelbarrow
24:14 Bloodlines
24:36 Husbandry
27:00 Scale Barding Armor
昊帅气
11:24 Feudal Age
13:56 Horse Collar
15:23 Loom
17:35 Wheelbarrow
22:20 Castle Age
20:32 Double-Bit Axe
21:45 Bloodlines
22:56 Scale Barding Armor
26:05 Bow Saw
26:00 Heavy Plow
26:59 Chain Barding Armor
32:23 Forging
36:49 Imperial Age
36:17 Iron Casting
Connection lost

Rejoining the realm…

Still unreachable

The connection could not be restored.

Session expired

The server has moved on; the page needs a fresh start.